AoeStats
← T-REXX | PATRICK

Arabia

508238272Analyzed
4v4 RM · 10d ago on Sep 21, 2026· 33m 20s· 8 players
Game mode
Random Map
Map size
Large (8 player)
Population
200
Speed
Normal
Resources
Standard
Victory
Conquest
Starting age
Dark Age
Ending age
Imperial Age
RankedLock teamsTeams togetherTeam positionsShared explorationLock speedFull tech treeHidden civsTurbo modeCheats
Victory
Defeat
🇨🇴 Poles · Colombia
1480
+12
🇵🇪 Khmer · Peru
1408
+15
🇵🇪 Saracens · Peru
1391
+16
🇨🇴 Vietnamese · Colombia
1352
+17
🇰🇷 Tatars · South Korea
1408
-16
🇫🇷 Ethiopians · France
1396
-15
🇨🇴 Franks · Colombia
1384
-15
🇩🇪 Persians · Germany
1353
-14
Sebasky
6:24 Loom
8:38 Feudal Age
9:17 Double-Bit Axe
16:52 Forging
19:48 Wheelbarrow
21:16 Castle Age
19:20 Gold Mining
22:19 Bow Saw
22:40 Scale Barding Armor
29:37 Iron Casting
green
7:24 Loom
10:10 Feudal Age
11:36 Fletching
17:44 Padded Archer Armor
19:53 Double-Bit Axe
20:03 Horse Collar
27:13 Castle Age
26:19 Gold Mining
27:06 Crossbowman
27:42 Bodkin Arrow
28:28 Bow Saw
28:51 Leather Archer Armor
29:10 Heavy Plow
33:28 Ballistics
ip_lucas
7:55 Loom
11:14 Feudal Age
11:51 Double-Bit Axe
11:47 Horse Collar
13:29 Gold Mining
15:02 Wheelbarrow
23:30 Fletching
27:11 Castle Age
25:26 Padded Archer Armor
28:24 Bodkin Arrow
28:45 Leather Archer Armor
29:32 Crossbowman
32:27 Thumb Ring
kdu0687
11:11 Feudal Age
9:48 Loom
14:42 Scale Barding Armor
16:04 Forging
22:47 Bloodlines
31:33 Castle Age
Dhapx
7:16 Loom
7:19 Loom
10:04 Feudal Age
10:40 Horse Collar
10:46 Double-Bit Axe
20:12 Castle Age
20:22 Bloodlines
20:27 Forging
20:22 Scale Barding Armor
21:02 Gold Mining
26:48 Chain Barding Armor
28:05 Husbandry
29:28 Szlachta Privileges
31:49 Iron Casting
Smasher
7:05 Loom
9:18 Feudal Age
12:07 Double-Bit Axe
16:25 Fletching
17:50 Padded Archer Armor
20:50 Wheelbarrow
24:35 Castle Age
25:13 Bodkin Arrow
24:38 Crossbowman
27:30 Bow Saw
27:38 Leather Archer Armor
28:03 Ballistics
DarkOrsted
5:52 Loom
9:52 Feudal Age
15:43 Fletching
17:13 Padded Archer Armor
22:13 Double-Bit Axe
22:08 Horse Collar
30:33 Town Watch
31:26 Wheelbarrow
35:53 Castle Age
T-REXX | PATRICK
9:01 Feudal Age
9:40 Double-Bit Axe
10:31 Loom
16:28 Bloodlines
19:11 Forging
20:06 Scale Barding Armor
25:27 Castle Age
25:47 Light Cavalry
26:49 Chain Barding Armor
27:41 Husbandry
30:54 Iron Casting
Connection lost

Rejoining the realm…

Still unreachable

The connection could not be restored.

Session expired

The server has moved on; the page needs a fresh start.